Map: Acropolis LE

Players

Vindicta

  • Race: Terran Terran
  • Spawn Location: 11:00

Bly - Winner!

  • Race: Zerg Zerg
  • Spawn Location: 5:00

VOD

Have the link to the VOD?

Description

Time

  • Played on: Sept. 6, 2019, 6:12 p.m.
  • Length: 9:38
Show
View Real Time Build Order
Export as new Build Order

Vindicta Terran 

Build Orders: 2 Factory, Hellion Opening, Reaper Expand, Mech 

Get SALT Encoding   

  12  0:02  SCV  
  13  0:14  SCV  
  14  0:20  Supply Depot  
  14  0:26  SCV  
  15  0:41  SCV  
  16  0:43  Barracks  
  16  0:45  Refinery  
  16  0:53  SCV  
  17  1:05  SCV  
  18  1:18  SCV  
  19  1:31  Orbital Command  
  19  1:33  Reaper  
  20  1:41  Command Center  
  20  1:55  Supply Depot  
  20  1:59  SCV  
  21  2:05  Marine  
  22  2:11  SCV  
  22  2:14  Factory  
  23  2:23  SCV  
  23  2:28  Barracks Reactor  
  24  2:35  SCV  
  25  2:46  Command Center  
  25  2:48  SCV  
  26  2:59  Orbital Command  
  26  3:00  SCV  
  27  3:10  Marine, Hellion x2  
  27  3:12  SCV  
  33  3:19  Factory  
  32  3:24  SCV x2  
  34  3:31  Hellion  
  34  3:33  Hellion  
  38  3:36  SCV  
  38  3:38  SCV  
  40  3:44  Barracks Tech Lab  
  40  3:48  SCV  
  41  3:50  SCV  
  41  3:54  Hellion  
  41  3:55  Hellion  
  45  4:00  SCV  
  47  4:03  SCV, Orbital Command  
  47  4:10  Infernal Pre-Igniter  
  47  4:12  SCV, Hellion  
  47  4:16  Hellion  
  52  4:19  SCV  
  51  4:24  SCV  
  51  4:25  Refinery  
  51  4:27  Hellion  
  51  4:30  SCV  
  51  4:31  SCV  
  54  4:34  Hellion  
  54  4:36  SCV  
  54  4:38  Supply Depot  
  57  4:42  SCV, Hellion  
  60  4:45  SCV  
  61  4:55  SCV  
  61  5:04  Barracks Tech Lab  
  61  5:06  Factory, Refinery  
  61  5:08  SCV x2, Hellion, Refinery  
  61  5:09  SCV, Supply Depot  
  61  5:12  Supply Depot  
  68  5:17  Siege Tank  
  69  5:30  SCV x2, Hellion  
  69  5:34  Supply Depot  
  73  5:36  Marine  
  73  5:42  SCV x2  
  76  5:44  Orbital Command  
  76  5:48  Hellion  
  76  5:49  Siege Tank  
  81  5:54  SCV x2  
  83  6:03  Siege Tank  
  82  6:05  Refinery x2  
  82  6:06  SCV x2, Starport  
  82  6:10  Supply Depot  
  85  6:11  SCV  
  85  6:14  Bunker  
  85  6:15  Supply Depot  
  85  6:16  Barracks Reactor  
  85  6:18  Mag-Field Accelerator, SCV  
  85  6:19  SCV  
  85  6:22  Hellion x2  
  85  6:23  SCV  
  92  6:29  Siege Tank  
  92  6:31  SCV x2  
  87  6:35  SCV  
  87  6:37  Siege Tank  
  81  6:43  SCV  
  81  6:46  SCV, Hellion  
  80  6:47  SCV  
  80  6:52  Hellion  
  73  6:55  SCV  
  73  6:58  SCV  
  68  7:01  Hellion  
  68  7:05  Armory  
  68  7:07  SCV  
  68  7:08  Hellion  
  69  7:09  Siege Tank, Orbital Command  
  69  7:11  SCV  
  69  7:14  Hellion  
  75  7:19  Liberator, SCV  
  73  7:22  Siege Tank  
  73  7:23  SCV  
  73  7:29  Hellion  
  73  7:31  SCV  
  73  7:32  Liberator  
  73  7:34  SCV  
  73  7:35  SCV  
  75  7:43  SCV  
  76  7:46  SCV  
  76  7:47  SCV  
  76  7:48  Command Center  
  81  7:54  Hellion  
  81  7:55  SCV  
  84  7:58  SCV  
  84  7:59  SCV  
  84  8:03  Engineering Bay  
  84  8:05  Cyclone  
  89  8:07  SCV  
  89  8:11  SCV x2  
  89  8:12  Cyclone  
  95  8:13  Supply Depot x2  
  95  8:19  SCV  
  94  8:23  SCV  
  94  8:24  Supply Depot  
  94  8:26  SCV  
  96  8:29  Supply Depot  
  96  8:30  Supply Depot  
  96  8:32  SCV  
  93  8:35  SCV  
  93  8:37  Cyclone  
  93  8:38  Hellion  
  91  8:41  Factory  
  91  8:44  Factory  
  82  8:48  SCV  
  82  8:50  Cyclone  
  82  9:01  SCV x3  
  82  9:09  Hellion x2  
  89  9:10  SCV  
  89  9:13  SCV x3  
  93  9:22  SCV, Missile Turret  
  98  9:25  SCV x2  
  98  9:27  Missile Turret  
Show
View Real Time Build Order
Export as new Build Order

Bly Zerg - Winner!

Build Orders: Hatch First, Swarm Host 

Get SALT Encoding   

  12  0:01  Drone  
  13  0:13  Overlord  
  13  0:18  Drone  
  14  0:31  Drone  
  14  0:32  Drone  
  16  0:47  Hatchery  
  15  0:50  Drone  
  15  0:54  Drone  
  17  0:57  Drone  
  18  1:09  Extractor  
  17  1:13  Spawning Pool  
  17  1:15  Drone  
  17  1:19  Drone  
  18  1:29  Drone  
  19  1:40  Drone  
  20  1:50  Overlord  
  20  2:00  Queen x2  
  24  2:02  Zergling x4  
  26  2:11  Drone  
  26  2:14  Metabolic Boost  
  27  2:20  Drone x2  
  29  2:29  Drone  
  30  2:38  Hatchery  
  30  2:43  Drone x2  
  31  2:45  Drone  
  32  2:51  Queen  
  32  2:57  Drone  
  32  2:58  Drone  
  36  3:01  Overlord  
  36  3:12  Overlord  
  36  3:21  Drone x7  
  43  3:32  Drone x2  
  45  3:42  Lair, Drone x2  
  45  3:44  Zergling x6  
  50  3:50  Zergling x4  
  50  4:07  Spine Crawler, Extractor x2  
  50  4:08  Roach Warren, Drone x6  
  52  4:13  Overlord  
  52  4:14  Drone x2  
  54  4:20  Drone x4  
  58  4:31  Overlord x2  
  59  4:36  Overlord x2  
  59  4:38  Queen  
  59  4:44  Overseer  
  61  4:46  Overlord  
  61  4:51  Extractor  
  56  5:00  Roach x6  
  68  5:07  Glial Reconstitution  
  68  5:10  Drone x3  
  68  5:11  Drone  
  72  5:14  Roach  
  72  5:15  Roach x4  
  82  5:23  Overlord  
  82  5:33  Roach x4  
  90  5:38  Drone x3  
  90  5:39  Drone x3  
  96  5:54  Roach x7  
  96  5:55  Overlord  
  110  6:01  Infestation Pit  
  109  6:05  Overlord  
  109  6:07  Drone x2  
  109  6:10  Ravager x2, Extractor  
  109  6:11  Ravager  
  113  6:17  Drone x7  
  113  6:18  Hatchery  
  119  6:20  Extractor  
  118  6:30  Roach x6  
  130  6:45  Drone x5  
  119  6:56  Drone x7  
  122  7:16  Overlord  
  122  7:21  Extractor  
  104  7:24  Extractor  
  104  7:26  Roach x13  
  111  7:38  Overlord  
  111  7:39  Hatchery  
  111  7:40  Roach x3  
  114  7:45  Evolution Chamber, Hatchery  
  114  7:47  Spire  
  114  7:50  Drone x3  
  114  7:53  Tunneling Claws  
  114  7:54  Burrow  
  114  7:57  Roach  
  114  7:58  Roach x5  
  126  8:00  Ravager x5  
  131  8:12  Overlord  
  131  8:22  Swarm Host x5  
  131  8:23  Swarm Host  
  131  8:24  Overlord  
  131  8:26  Overlord  
  148  8:33  Roach  
  148  8:34  Roach x7  
  154  8:49  Ravager x2  
  151  8:57  Zergling x4  
  151  8:58  Zergling x22  
  164  9:07  Roach x5  
  164  9:08  Roach x2  
  164  9:09  Overlord  
  171  9:20  Ravager  
Tags
 
Add a new tag
Caveats
  • Supply blocks, unpowered buildings, or Contaminate may cause inaccurate times.
  • Supply counts are checked every 10 seconds.